 Dungeon Crawl Stone Soup version 0.29.1-15-g9cfb28693d (webtiles) character file.

Game seed: 11425215597862038445

234719 BoomerKuwanger the Warrior (level 18, 178/178 HPs)
             Began as a Minotaur Berserker on Nov 9, 2022.
             Was a High Priest of Trog.
             Quit the game on level 13 of the Dungeon on Nov 27, 2023.
             The game lasted 03:02:08 (47381 turns).

BoomerKuwanger the Warrior (Minotaur Berserker)    Turns: 47381, Time: 03:02:09

Health: 178/178    AC: 36    Str: 33    XL:     18   Next: 45%
Magic:  17/17      EV: 15    Int: 10    God:    Trog [*****.]
Gold:   2707       SH: 22    Dex: 14    Spells: 17/17 levels left

rFire   + + +      SeeInvis +   T - +9 broad axe (vamp)
rCold   + + .      Faith    .   R - +4 tower shield
rNeg    + . .      Spirit   .   j - +8 plate armour of Zin's Fury {rPois rF+++ Slay-4 SInv}
rPois   +          Reflect  .   (helmet restricted)
rElec   .          Harm     .   D - +0 cloak of Makhleb's Delight {Drain Regen+ Str+4}
rCorr   .          Rampage  .   k - +2 pair of gloves
Will    +....                   G - +2 pair of boots
Stlth   ..........              L - amulet "Siotiefy" {rPois rN+ Regen+}
HPRegen 1.99/turn               E - ring of willpower
MPRegen 0.15/turn               O - ring of the Zebra {rC++ Will- Int+6 Dex+3 Stlth+}

@: studying Axes
A: horns 2, retaliatory headbutt
}: 2/15 runes: serpentine, barnacled
a: Renounce Religion, Berserk, Trog's Hand, Brothers in Arms


You were on level 13 of the Dungeon.
You worshipped Trog.
Trog was extremely pleased with you.
You visited 7 branches of the dungeon, and saw 30 of its levels.

You collected 4463 gold pieces.
You spent 1756 gold pieces at shops.

Inventory:

Hand Weapons
 l - a +2 broad axe of flaming
 T - a +9 vampiric broad axe (weapon)
Missiles
 f - 17 poisoned darts
 m - 40 boomerangs (quivered)
 M - 4 silver boomerangs
 S - 18 javelins
 X - 6 throwing nets
 Y - 6 silver javelins
Armour
 j - the +8 plate armour of Zin's Fury (worn) {rPois rF+++ Slay-4 SInv}
   (You found it on level 12 of the Dungeon)

   Slay:      It affects your accuracy & damage with ranged weapons and melee
   (-4).
   rF:        It renders you almost immune to fire.
   rPois:     It protects you from poison.
   SInv:      It lets you see invisible.
 k - a +2 pair of gloves (worn)
 D - the +0 cloak of Makhleb's Delight (worn) {Drain Regen+ Str+4}
   (You acquired it on level 5 of the Lair of Beasts)

   Str:       It affects your strength (+4).
   Regen:     It increases your rate of health regeneration.
   Drain:     It drains your maximum health when unequipped.
 G - a +2 pair of boots (worn)
 R - a +4 tower shield (worn)
 Z - the +8 chain mail "Bananigoa" {rF+ Slay+2}
   (You found it on level 3 of the Lair of Beasts)

   Slay:      It affects your accuracy & damage with ranged weapons and melee
   (+2).
   rF:        It protects you from fire.
Jewellery
 a - a ring of positive energy
 b - a +4 ring of slaying
 y - a ring of protection from fire
 A - a +4 ring of evasion
 E - a ring of willpower (left hand)
 K - the ring "Aplyes" {Fire Dex+7}
   (You found it on level 11 of the Dungeon)

   [ring of fire]

   It enhances your fire magic.
   Dex:       It affects your dexterity (+7).
   rF:        It protects you from fire.
   rC:        It makes you vulnerable to cold.
 L - the amulet "Siotiefy" (around neck) {rPois rN+ Regen+}
   (You found it on level 12 of the Dungeon)

   [amulet of regeneration]

   rPois:     It protects you from poison.
   rN:        It protects you from negative energy.
   Regen:     It increases your rate of health regeneration.
 O - the ring of the Zebra (right hand) {rC++ Will- Int+6 Dex+3 Stlth+}
   (You took it off Psyche on level 11 of the Dungeon)

   [ring of intelligence]

   Int:       It affects your intelligence (+6).
   Dex:       It affects your dexterity (+3).
   rC:        It greatly protects you from cold.
   Will:      It decreases your willpower.
   Stlth:     It makes you more stealthy.
 U - a ring of protection from cold
Wands
 d - a wand of polymorph (5)
 g - a wand of flame (25)
 F - a wand of paralysis (45)
 I - a wand of iceblast (17)
 N - a wand of quicksilver (2)
 V - a wand of digging (9)
 W - a wand of mindburst (7)
Scrolls
 c - 15 scrolls of teleportation
 n - 9 scrolls of vulnerability
 o - 5 scrolls of poison
 q - a scroll of enchant weapon
 r - 5 scrolls of immolation
 v - 4 scrolls of butterflies
 B - 8 scrolls of blinking
 H - 7 scrolls of fear
 Q - a scroll of magic mapping
Potions
 e - 4 potions of heal wounds
 h - a potion of berserk rage
 i - 9 potions of lignification
 p - 2 potions of cancellation
 s - 10 potions of curing
 t - 10 potions of mutation
 w - 3 potions of invisibility
 x - 9 potions of attraction
 z - 7 potions of might
 J - 4 potions of haste
 P - 2 potions of ambrosia
Miscellaneous
 u - a lightning rod (4/4)
 C - a phantom mirror


   Skills:
 - Level 20.0 Fighting
 + Level 18.8 Axes
 * Level 6.1 Throwing
 - Level 20.0 Armour
 * Level 18.4 Dodging
 * Level 14.1 Shields
 - Level 5.0 Evocations


You had 17 spell levels left.
You didn't know any spells.
Your spell library was empty.

Dungeon Overview and Level Annotations

Branches:
Dungeon (13/15)            Temple (1/1) D:6            Lair (5/5) D:10
 Shoals (4/4) Lair:3        Snake (4/4) Lair:3        Slime (1/5) Lair:4
    Orc (2/2) D:9             Elf (0/3) Orc:2        Vaults (0/5) D:13

Altars:
Ashenzari
Cheibriados
Dithmenos
Elyvilon
Fedhas
Gozag
Hepliaklqana
Kikubaaqudgha
Makhleb
Nemelex Xobeh
Okawaru
Qazlal
Ru
Sif Muna
Trog
Uskayaw
Vehumet
Wu Jian
Xom
Yredelemnul
Zin
The Shining One

Shops:
D:1 =   D:2 [   D:4 (   Orc:1 *   Orc:2 *([=   Shoals:3 ?   Shoals:4 ***[

Annotations:
D:10 2 transporters, TheSexyCheese's ghost, journeyman HOFi
D:12 exclusion: obsidian statue


Innate Abilities, Weirdness & Mutations

You have a pair of horns on your head.
You reflexively headbutt those who attack you in melee.


Message History

You slice Gasan's ghost!!
You headbutt Gasan's ghost, but do no damage.
Gasan's ghost is almost destroyed.
Gasan's ghost gestures at you while chanting.
Your body is wracked with pain!
Your deep troll goes berserk!
Gasan's ghost whispers, "There is no future for you."
Gasan's ghost gestures wildly while chanting.
Gasan's ghost hits you but does no damage.
You slice Gasan's ghost!!
You destroy Gasan's ghost!
Trog accepts your kill.
Trog appreciates your killing of a magic user.
There is a large open translucent door here.
You now have 2705 gold pieces (gained 12).
Your deep troll rages.
Your pack is full.
You see here a scroll of enchant weapon.
You start resting.
You feel yourself speed up.
You swap places.
You start resting.
Your deep troll is no longer berserk.
You recover from your berserk rage.
Your deep troll disappears in a puff of smoke!
Your pack is full.
You see here a scroll of enchant weapon.
You drop a +3 plate armour.
HP restored.
q - a scroll of enchant weapon You see here a +3 plate armour.
You now have 2707 gold pieces (gained 2).
Done exploring.
Done exploring.
There is a large open translucent door here.
Save game and exit?
Welcome back, BoomerKuwanger the Minotaur Berserker.
Trog says: Kill them all!
Press ? for a list of commands and other information.
Are you sure you want to abandon this character and quit the game? (Confirm with "yes".)

.....................####......#
...............................#
....#'###....###.#.#.#.........#
<...'...#....#.................#
....#...#....#...#.###.........#
....#.###....##....#∩..........#
..#########......#.#.....#######
..'....+..'.............##
..#....#..#.....@.......#
..#....#..#.............#######
..#...##.)#.............##....#
..#...##..##.........####.....#
..#...'....#.........#........#
..#...#....#.........#..##....#
..#...#....#....(....#(.##....#
..#...#....#.........+........#
..#...#....#.........#........#


There were no monsters in sight!

Vanquished Creatures
  Vashnia (Snake:4)
  Saint Roka (Snake:2)
  Nikola (Snake:4)
  Ilsuiw (Shoals:2)
  The ghost of Gasan the Black Sun, a journeyman DrFE of Kikubaaqudgha (D:13)
  9 nagarajas (Snake:4)
  A rockslime (Lair:4)
  Donald (Snake:4)
  An orc warlord (Orc:2)
  A quicksilver ooze (Lair:4)
  The ghost of nshep25 the Severer, a journeyman MiFi of the Shining One (D:12)
  The ghost of Anandil the Fighter, a journeyman DsGl of Trog (Orc:1)
  Snorg (D:10)
  6 merfolk impalers (Shoals:4)
  5 merfolk javelineers (Shoals:4)
  Harold (Orc:1)
  2 salamander tyrants (Snake:4)
  The ghost of DocClef the Blocker, a journeyman GnFi of Okawaru (D:11)
  Erolcha (Orc:1)
  2 boulder beetles
  8 hydras
  4 merfolk avatars
  5 catoblepae
  2 merfolk aquamancers (Shoals:4)
  Erica (Orc:1)
  A death knight (D:13)
  12 anacondas
  An alligator snapping turtle (Shoals:4)
  2 two-headed ogres
  17 naga warriors
  2 satyrs
  23 death yaks
  6 orc high priests
  Urug (Orc:2)
  7 shock serpents
  22 naga sharpshooters
  A skeletal warrior (D:13)
  10 sea snakes
  6 salamander mystics
  9 naga ritualists
  4 bog bodies (Shoals:3)
  Pikel (D:5)
  A necromancer (D:10)
  5 harpies (Shoals:4)
  A phantasmal warrior (D:13)
  3 orc knights (Orc:2)
  15 manticores
  A cyclops (shapeshifter) (D:13)
  5 cyclopes
  6 mana vipers
  25 fauns
  A shining eye (Lair:4)
  4 orc sorcerers
  2 elephants
  6 salamanders
  2 oklob plants (Lair:1)
  4 guardian serpents
  41 black mambas
  10 merfolk sirens
  A torpor snail (Lair:3)
  11 water nymphs
  30 naga magi
  A gargoyle (D:12)
  9 cane toads
  Psyche (D:11)
  8 rime drakes
  A freezing wraith (D:13)
  18 komodo dragons
  7 trolls
  3 polar bears (Lair:3)
  5 hornets (Lair:5)
  22 merfolk
  6 wind drakes
  10 snapping turtles
  7 dream sheep
  5 slime creatures
  6 blink frogs
  A jumping spider (shapeshifter) (D:13)
  Sigmund (D:6)
  58 yaks
  A culicivora (shapeshifter) (D:13)
  3 centaur simulacra (D:11)
  2 shadows
  A human (shapeshifter) (D:13)
  3 wraiths
  4 basilisks
  2 vampires (D:12)
  5 water elementals
  3 steam dragons
  3 vampire mosquitoes (D:12)
  4 wargs
  4 acid dragons
  12 water moccasins
  Duvessa (D:6)
  53 nagas
  The ghost of qeuew the Conjurer, an amateur DECj (D:4)
  26 orc warriors
  3 ice beasts (D:11)
  A sky beast (D:7)
  8 ogres
  7 wolves
  5 centaurs
  3 lemures (D:5)
  The ghost of BuzzyBeetle the Shield-Bearer, an amateur GrFi (D:3)
  2 phantoms
  A necrophage (D:5)
  2 gnoll sergeants
  7 bullfrogs
  3 scorpions
  Dowan (D:6)
  4 howler monkeys
  2 electric eels
  Crazy Yiuf (D:4)
  18 orc priests
  A bullfrog zombie (D:4)
  2 hounds
  5 jellies
  A gnoll bouda (D:5)
  A bullfrog skeleton (D:4)
  3 iguanas
  A scorpion zombie (D:4)
  16 orc wizards
  4 hell rats (Lair:5)
  4 polar bear simulacra (D:10)
  2 yak simulacra (D:10)
  4 wolf simulacra (D:10)
  2 hound zombies (D:4)
  Robin (D:3)
  17 gnolls
  6 adders
  4 white imps
  An ufetubus (D:6)
  4 adder zombies (D:4)
  2 adder skeletons (D:4)
  2 worms (D:2)
  4 dart slugs
  81 orcs
  7 ball pythons
  11 endoplasms
  5 giant cockroaches
  16 goblins
  4 hobgoblins
  7 quokkas
  12 bats
  A frilled lizard (D:3)
  9 kobolds
  11 rats
  A river rat simulacrum (D:10)
976 creatures vanquished.

Vanquished Creatures (collateral kills)
  Mlioglotl (Shoals:1)
  An orc high priest (Orc:2)
  A salamander mystic (Snake:3)
  An orc knight (Orc:2)
  6 slime creatures
  3 orc warriors
  4 orcs
17 creatures vanquished.

Vanquished Creatures (others)
  2 demonspawn (D:1)
  A naga warrior (Snake:4)
  A draconian (D:1)
  3 gargoyles (D:1)
  2 trolls (D:1)
  A merfolk (D:1)
  A spriggan (D:1)
  A formicid (D:1)
  A vampire (D:1)
  A human (D:1)
  2 nagas
  2 tengu (D:1)
  68 fungi
  146 plants
  5 tentacles (D:1)
  2 withered plants (D:4)
239 creatures vanquished.

Grand Total: 1232 creatures vanquished

Notes
Turn   | Place    | Note
-------+----------+-------------------------------------------
     0 | D:1      | BoomerKuwanger the Minotaur Berserker began the quest for
                  | the Orb.
     0 | D:1      | Reached XP level 1. HP: 19/19 MP: 0/0
     2 | D:1      | Noticed a demonspawn
     2 | D:1      | Noticed a draconian
     2 | D:1      | Noticed a gargoyle
     2 | D:1      | Noticed a demonspawn
     2 | D:1      | Noticed a tengu
     2 | D:1      | Noticed a human
     2 | D:1      | Noticed a merfolk
     2 | D:1      | Noticed a gargoyle
     2 | D:1      | Noticed a kraken
     2 | D:1      | Noticed a vampire
     2 | D:1      | Noticed a gargoyle
     2 | D:1      | Noticed a troll
     2 | D:1      | Noticed a spriggan
     2 | D:1      | Noticed a troll
     2 | D:1      | Noticed a tengu
     2 | D:1      | Noticed a formicid
     5 | D:1      | Killed a gargoyle
     6 | D:1      | Killed a demonspawn
     7 | D:1      | Killed a draconian
     8 | D:1      | Killed a merfolk
     9 | D:1      | Killed a human
    10 | D:1      | Killed a vampire
    10 | D:1      | Killed a gargoyle
    11 | D:1      | Killed a troll
    11 | D:1      | Killed a gargoyle
    12 | D:1      | Killed a spriggan
    13 | D:1      | Killed a troll
    13 | D:1      | Killed a tengu
    16 | D:1      | Killed a demonspawn
    16 | D:1      | Killed a tengu
    18 | D:1      | Killed a formicid
    58 | D:1      | Found Olodube's Jewellery Emporium.
   284 | D:1      | Reached XP level 2. HP: 16/26 MP: 1/1
   904 | D:1      | Reached skill level 5 in Axes
  1038 | D:1      | Reached XP level 3. HP: 31/31 MP: 2/2
  2157 | D:2      | Reached ** piety under Trog
  2403 | D:2      | Found Memen's Armour Emporium.
  3099 | D:2      | Reached XP level 4. HP: 39/39 MP: 3/3
  3476 | D:3      | Found an opulent altar of Gozag.
  3484 | D:3      | Noticed Robin
  3488 | D:3      | Killed Robin
  3790 | D:3      | Found a transporter.
  3791 | D:3      | Noticed BuzzyBeetle's ghost (amateur GrFi)
  3794 | D:3      | Found a transporter.
  3978 | D:3      | Reached XP level 5. HP: 6/45 MP: 4/4
  4305 | D:3      | Found a shimmering altar of Xom.
  4804 | D:3      | Found a stormy altar of Qazlal.
  5028 | D:3      | HP: 1/45 [BuzzyBeetle's ghost (8)]
  5029 | D:3      | Killed BuzzyBeetle's ghost
  5030 | D:3      | Reached XP level 6. HP: 3/51 MP: 5/5
  5570 | D:4      | Reached *** piety under Trog
  6328 | D:4      | Found Uwamuph Rauf's Weapon Shop.
  6599 | D:4      | Found a runed translucent gate.
  6599 | D:4      | Found a runed translucent gate.
  6599 | D:4      | Found a runed translucent gate.
  6599 | D:4      | Noticed qeuew's ghost (amateur DECj)
  6600 | D:4      | Found a basalt altar of Yredelemnul.
  6606 | D:4      | Reached XP level 7. HP: 57/57 MP: 6/6
  6893 | D:4      | Found a runed translucent door.
  6894 | D:4      | Noticed Crazy Yiuf
  6899 | D:4      | Killed Crazy Yiuf
  7016 | D:4      | Killed qeuew's ghost
  7017 | D:4      | Reached skill level 10 in Axes
  7247 | D:5      | Entered Level 5 of the Dungeon
  7368 | D:5      | Found a white marble altar of Elyvilon.
  7512 | D:5      | Noticed Pikel
  7540 | D:5      | Killed Pikel
  7541 | D:5      | Reached XP level 8. HP: 64/64 MP: 7/7
  9034 | D:6      | Noticed Dowan
  9035 | D:6      | Noticed Duvessa
  9046 | D:6      | Killed Duvessa
  9048 | D:6      | Killed Dowan
  9049 | D:6      | Reached skill level 5 in Fighting
  9170 | D:6      | Found a staircase to the Ecumenical Temple.
  9225 | D:6      | Noticed Sigmund
  9228 | Temple   | Entered the Ecumenical Temple
  9388 | D:6      | Killed Sigmund
  9693 | D:6      | Reached XP level 9. HP: 61/75 MP: 8/8
  9824 | D:6      | Found a blossoming altar of Fedhas.
  9827 | D:6      | Found a broken altar of Ashenzari.
 10134 | D:7      | Found a hazy altar of Hepliaklqana.
 10679 | D:7      | Reached **** piety under Trog
 12095 | D:8      | Identified the +1 robe "Ulimyon" {*Corrode Regen+ Str+3
                  | Dex+5}
 12238 | D:8      | Reached skill level 1 in Evocations
 13054 | D:8      | Found a hide-covered altar of Uskayaw.
 14083 | D:9      | Found a sparkling altar of Nemelex Xobeh.
 14112 | D:9      | Found a staircase to the Orcish Mines.
 14162 | D:10     | Entered Level 10 of the Dungeon
 14704 | D:10     | Found a transporter.
 14714 | D:10     | Noticed TheSexyCheese's ghost (journeyman HOFi)
 14725 | D:10     | Found a transporter.
 15024 | D:10     | Reached XP level 10. HP: 72/89 MP: 9/9
 15039 | D:10     | Reached ***** piety under Trog
 15155 | D:10     | Noticed a moth of wrath
 15169 | D:10     | Found a bloodstained altar of Trog.
 15282 | D:10     | Found a staircase to the Lair.
 15607 | D:10     | Found a sacrificial altar of Ru.
 15671 | D:10     | Received a gift from Trog
 15810 | D:10     | Reached skill level 10 in Fighting
 15911 | D:10     | Noticed Snorg
 15960 | D:10     | Killed Snorg
 16044 | D:10     | Noticed a necromancer
 16052 | D:10     | Killed a necromancer
 16458 | D:10     | Reached skill level 15 in Axes
 16710 | D:11     | Noticed a two-headed ogre
 16869 | D:11     | Found a runed translucent gate.
 16869 | D:11     | Found a runed translucent gate.
 16869 | D:11     | Found a runed translucent gate.
 16895 | D:11     | Noticed DocClef's ghost (journeyman GnFi)
 17703 | D:11     | Killed a two-headed ogre
 17704 | D:11     | Reached skill level 5 in Evocations
 17779 | D:11     | Reached XP level 11. HP: 54/104 MP: 3/10
 19356 | D:12     | Identified the amulet "Siotiefy" {rPois rN+ Regen+}
 19496 | D:12     | Identified the ring of the Zebra {rC++ Will- Int+6 Dex+3
                  | Stlth+}
 19496 | D:12     | Noticed Psyche
 19667 | D:11     | Killed Psyche
 19862 | Lair:1   | Entered Level 1 of the Lair of Beasts
 20759 | Lair:1   | Reached skill level 5 in Armour
 21002 | Lair:1   | Reached skill level 5 in Dodging
 21038 | Lair:1   | Noticed an oklob plant
 21747 | Lair:1   | Noticed an oklob plant
 21760 | Lair:1   | Killed an oklob plant
 21761 | Lair:1   | Reached skill level 1 in Shields
 21768 | Lair:1   | Killed an oklob plant
 21769 | Lair:1   | Reached XP level 12. HP: 115/117 MP: 3/11
 22275 | Lair:2   | Noticed a death yak
 22276 | Lair:2   | Noticed a death yak
 22310 | Lair:1   | Killed a death yak
 22319 | Lair:2   | Noticed a death yak
 22319 | Lair:2   | Noticed a death yak
 22328 | Lair:1   | Killed a death yak
 22372 | Lair:1   | Killed a death yak
 22422 | Lair:2   | Killed a death yak
 23371 | Lair:3   | Noticed a boulder beetle
 23387 | Lair:3   | Killed a boulder beetle
 23529 | Lair:3   | Found a staircase to the Shoals.
 23563 | Lair:3   | Found a staircase to the Snake Pit.
 23659 | Lair:3   | Identified the +8 chain mail "Bananigoa" {rF+ Slay+2}
 23735 | Lair:3   | Noticed a five-headed hydra
 23751 | Lair:3   | Killed a five-headed hydra
 23752 | Lair:3   | Reached skill level 15 in Fighting
 24089 | Lair:3   | Noticed a seven-headed hydra
 24097 | Lair:3   | Killed a seven-headed hydra
 24247 | Lair:3   | Noticed a death yak
 24261 | Lair:3   | Killed a death yak
 24264 | Lair:3   | Reached XP level 13. HP: 127/127 MP: 12/12
 24268 | Lair:3   | Reached skill level 5 in Shields
 25006 | Lair:4   | Identified the +3 leather armour "Rustupp" {rF+}
 25317 | Lair:4   | Found a staircase to the Slime Pits.
 26215 | Lair:4   | Reached skill level 10 in Armour
 27147 | Lair:5   | Entered Level 5 of the Lair of Beasts
 27350 | Lair:5   | Reached skill level 10 in Dodging
 28594 | Lair:5   | Reached XP level 14. HP: 130/138 MP: 13/13
 29945 | Lair:5   | Identified 5 scrolls of acquirement
 29947 | Lair:5   | Acquired the +0 cloak of Makhleb's Delight {Drain Regen+
                  | Str+4}
 29954 | Lair:5   | Acquired 1114 gold pieces
 29955 | Lair:5   | Acquired a +4 broad axe of draining
 29957 | Lair:5   | Acquired a manual of Armour
 29961 | Lair:5   | Acquired 499 gold pieces
 30090 | Lair:5   | Identified the +4 mace "Goatio Tostru" {drain, rPois MP+9
                  | Str-3}
 30538 | Orc:1    | Entered Level 1 of the Orcish Mines
 30538 | Orc:1    | Noticed Harold
 30538 | Orc:1    | Found a runed translucent gate.
 30538 | Orc:1    | Found a runed translucent gate.
 30538 | Orc:1    | Found a runed translucent gate.
 30538 | Orc:1    | Found an opulent altar of Gozag.
 30540 | Orc:1    | Noticed Anandil's ghost (journeyman DsGl)
 30545 | Orc:1    | Killed Harold
 30611 | Orc:1    | Noticed Erica
 30618 | Orc:1    | Killed Erica
 30845 | Orc:1    | Found Jenlyicy's Assorted Antiques.
 30859 | Orc:1    | Noticed Erolcha
 30873 | Orc:1    | Killed Erolcha
 30898 | Orc:1    | Killed Anandil's ghost
 30981 | Orc:1    | Bought a scroll of identify for 48 gold pieces
 30981 | Orc:1    | Bought a scroll of teleportation for 72 gold pieces
 30981 | Orc:1    | Bought a potion of heal wounds for 120 gold pieces
 31063 | Orc:2    | Entered Level 2 of the Orcish Mines
 31063 | Orc:2    | Noticed Urug
 31072 | Orc:2    | Killed Urug
 31235 | Orc:2    | Noticed an orc warlord
 31368 | Orc:2    | Received a gift from Trog
 31375 | Orc:2    | Killed an orc warlord
 31458 | Orc:2    | Found a staircase to the Elven Halls.
 31491 | Orc:2    | Found Zeotedghari's Jewellery Shop.
 31608 | Orc:2    | Found Emamp's Antique Armour Shop.
 31728 | Orc:2    | Bought a glowing plate armour for 650 gold pieces
 31762 | Orc:2    | Found Rokkey's Antique Weapon Shop.
 31951 | Orc:2    | Found Matwapta's General Store.
 31976 | Orc:2    | Bought a wand of flame (9) for 113 gold pieces
 31976 | Orc:2    | Bought a potion of heal wounds for 90 gold pieces
 31976 | Orc:2    | Bought a scroll of enchant weapon for 135 gold pieces
 32667 | Snake:1  | Entered Level 1 of the Snake Pit
 32793 | Snake:1  | Reached XP level 15. HP: 147/149 MP: 14/14
 33592 | Snake:1  | Reached skill level 15 in Armour
 34383 | Snake:2  | Noticed Saint Roka
 34400 | Snake:2  | Killed Saint Roka
 35683 | Snake:2  | Received a gift from Trog
 36239 | Snake:3  | Reached skill level 10 in Shields
 36528 | Snake:3  | Reached XP level 16. HP: 160/160 MP: 15/15
 36741 | Snake:4  | Entered Level 4 of the Snake Pit
 36982 | Snake:3  | HP: 2/161 [salamander mystic/lance of force (28)]
 37762 | Snake:4  | Received a gift from Trog
 38523 | Snake:4  | Noticed Donald
 38535 | Snake:4  | Killed Donald
 38780 | Snake:4  | Reached skill level 15 in Dodging
 39651 | Snake:4  | Noticed Vashnia
 39684 | Snake:4  | Killed Vashnia
 39685 | Snake:4  | Reached XP level 17. HP: 134/170 MP: 16/16
 39690 | Snake:4  | Received a gift from Trog
 39717 | Snake:4  | Noticed Nikola
 39762 | Snake:4  | Killed Nikola
 39921 | Snake:4  | Got a serpentine rune of Zot
 40236 | Slime:1  | Entered Level 1 of the Pits of Slime
 40241 | Slime:1  | Noticed an acid blob
 40385 | Shoals:1 | Entered Level 1 of the Shoals
 40394 | Shoals:1 | Noticed Mlioglotl
 40488 | Shoals:2 | Noticed Ilsuiw
 40503 | Shoals:2 | Killed Ilsuiw
 41173 | Shoals:3 | Received a gift from Trog
 41272 | Shoals:3 | Reached skill level 1 in Throwing
 41480 | Shoals:3 | Found Qyummats's Magic Scroll Shoppe.
 42768 | Shoals:4 | Entered Level 4 of the Shoals
 42799 | Shoals:4 | Identified the +2 robe of Dogmatism {rElec rPois Slay+3}
 42953 | Shoals:4 | Found Hunwixzy's Armour Boutique.
 43025 | Shoals:4 | Identified the +5 mace "Fuirixt" {protect, *Rage rC+ Dex+7}
 43151 | Shoals:4 | Found Xoappoan's General Store.
 43156 | Shoals:4 | Found Feki Kui's General Store.
 43180 | Shoals:4 | Reached ****** piety under Trog
 43198 | Shoals:4 | Found Peary's General Store.
 43226 | Shoals:4 | Bought a potion of invisibility for 152 gold pieces
 43226 | Shoals:4 | Bought a potion of mutation for 152 gold pieces
 43230 | Shoals:4 | Bought a wand of paralysis (5) for 168 gold pieces
 43230 | Shoals:4 | Bought a scroll of fear for 56 gold pieces
 43655 | Shoals:4 | Received a gift from Trog
 43789 | Shoals:4 | Reached XP level 18. HP: 178/178 MP: 17/17
 44272 | Shoals:4 | Reached skill level 5 in Throwing
 44324 | Shoals:4 | Got a barnacled rune of Zot
 44538 | Shoals:1 | Killed Mlioglotl
 45355 | D:11     | Killed DocClef's ghost
 45383 | D:11     | Got the ring "Aplyes" {Fire Dex+7}
 45538 | D:12     | Found a runed translucent door.
 45557 | D:12     | Received a gift from Trog
 45667 | D:12     | Found the +18 shield of the Gong {rElec rN+ Will+ EV-5}
 45855 | D:12     | Noticed nshep25's ghost (journeyman MiFi)
 46065 | D:12     | Killed nshep25's ghost
 46091 | D:12     | Identified the +8 plate armour of Zin's Fury {rPois rF+++
                  | Slay-4 SInv}
 46129 | D:13     | Found a large runed translucent door.
 46129 | D:13     | Found a large runed translucent door.
 46149 | D:13     | Noticed Gasan's ghost (journeyman DrFE)
 46459 | D:13     | Found a gate to the Vaults.
 47307 | D:13     | Killed Gasan's ghost
 47381 | D:13     | Upgraded the game from 0.29.1-2-gbd0b4ee654 to
                  | 0.29.1-15-g9cfb28693d
 47381 | D:13     | Quit the game

Illustrated notes

Levels and vault maps discovered:
D:1:      nicolae_arrival_kraken_aquarium_b, layout_basic, serial_shops, shop
D:2:      minmay_razor_zed, layout_basic, serial_shops, shop
D:3:      layout_basic, mainiacjoe_overflow_small_starburst,
          lemuel_doored_altar, nicolae_qazlal_eye_of_the_storm,
          gammafunk_ghost_arena, kennysheep_orc_chapel, uniq_robin
D:4:      layout_cave_pools, nicolae_yredelemnul_ghost_church, serial_undead,
          serial_undead_c, serial_undead_b, serial_undead_c, serial_undead_e,
          amethyst_killhole, nicolae_kite_square_tiling_tiny,
          minmay_shop_grid_forest, uniq_crazy_yiuf_cottage
D:5:      layout_gridville, elyvilon_altar_1, uniq_pikel
D:6:      layout_gridville, grunt_temple_overflow_open,
          minmay_temple_entry_glass, kennysheep_boxes, uniq_duvessa,
          uniq_sigmund
D:7:      layout_loops_corners, lemuel_round_altar
D:8:      layout_layer_cave, mainiacjoe_overflow_tiny_flanked
D:9:      layout_long_grid, nemelex_xobeh_ov_fountains_minmay,
          minmay_orc_entry_temple_small
D:10:     layout_roguey, tgw_trog, nicolae_ru_path_of_blood,
          erik_lair_orcish_takeover, gammafunk_ghost_stat_death, hex_large,
          eino_house_with_fridge, uniq_snorg
D:11:     layout_loops_ring, gammafunk_ghost_icy
D:12:     layout_basic, special_room [special_room_orc], serial_glass,
          glass_columns_b, glass_columns_b, glass_columns_a, glass_columns_b,
          glass_columns_b, glass_columns_c, gammafunk_ghost_grave,
          minmay_protected_statue, uniq_psyche
D:13:     layout_gridville, david_vaults_2, ebering_ghost_disaster_area
Temple:   hellmonk_temple_flake
Lair:1:   dpeg_oklob_gauntlet, layout_chaotic_city, beast_lair_carwin_7
Lair:2:   layout_small_grid, minivault_11, lemuel_old_faithful
Lair:3:   nzn_winding_woodlands_stair_cross
          [nzn_winding_woodlands_5x15_river_crossing,
          nzn_winding_woodlands_center_pierced_h,
          nzn_winding_woodlands_5x15_lazy_stream,
          nzn_winding_woodlands_5x5_open_star,
          nzn_winding_woodlands_5x5_default, nzn_winding_woodlands_5x15_eye,
          nzn_winding_woodlands_center_diamonds,
          nzn_winding_woodlands_5x15_crooked], layout_regular_city,
          elwin_shoals_entry_rocks, dummy_snake_entry
Lair:4:   layout_long_grid, minmay_slime_entry_pillars, nzn_sisyphean_effort
Lair:5:   evilmike_catoblepas_cave, layout_gridlike, dreamdust_wasp_nest,
          serial_bayou_shore_a
Shoals:1: layout_shoals, uniq_mlioglotl
Shoals:2: layout_shoals, uniq_ilsuiw
Shoals:3: layout_shoals, serial_shops, nicolae_take_the_stairs,
          nicolae_shoals_secluded_bog
Shoals:4: shoals_end_simple, layout_shoals, serial_shops, shop_fountains, shop,
          nicolae_diamond_shop, nicolae_shop_trees
Snake:1:  layout_onion, grunt_ministairs_12
Snake:2:  layout_chambers, uniq_saint_roka
Snake:3:  layout_rooms
Snake:4:  minmay_snake_end_coiled, layout_grid_maze,
          nicolae_snake_gridmaze_big_u, nicolae_snake_magic_snake_eye,
          uniq_nikola, uniq_vashnia, uniq_donald
Slime:1:  layout_caves, basic_altar
Orc:1:    layout_diamond_mine, ebering_ghost_gozag, uniq_erolcha, uniq_erica,
          uniq_harold
Orc:2:    grunt_orc_gardens, layout_caves, grunt_orc_garden, grunt_orc_garden,
          grunt_orc_garden, grunt_orc_garden, uniq_urug

Skill      XL: |  1  2  3  4  5  6  7  8  9 10 11 12 13 14 15 16 17 18 |
---------------+-------------------------------------------------------+-----
Axes           | 4 5 6 7 8 9 12 13 14 15 16 17 18 | 18.8
Fighting       | 5 9 12 14 15 16 18 19 20 | 20.0
Evocations     | 3 5 |  5.0
Armour         | 6 9 11 14 17 19 20 | 20.0
Dodging        | 5 8 10 12 13 15 17 18 | 18.4
Shields        | 1 4 7 8 10 11 13 14 | 14.1
Throwing       | 4 6 |  6.1

Action                   |  1- 3 |  4- 6 |  7- 9 | 10-12 | 13-15 | 16-18 || total
-------------------------+-------+-------+-------+-------+-------+-------++-------
Melee: Hand axe          |    86 |    48 |       |       |       |       ||   134
       Headbutt          |     9 |    16 |    47 |   101 |   226 |   265 ||   664
       Punch             |     1 |       |     1 |       |       |       ||     2
       War axe           |       |    63 |   244 |    85 |   345 |       ||   737
       Battleaxe         |       |       |       |   302 |       |       ||   302
       Unarmed           |       |       |       |     9 |       |       ||     9
       Flail             |       |       |       |    10 |    24 |       ||    34
       Broad axe         |       |       |       |       |   438 |  1069 ||  1507
Throw: Dart              |       |       |       |    10 |     4 |       ||    14
       Boomerang         |       |       |       |       |       |    16 ||    16
Invok: Berserk           |       |     2 |     8 |    13 |     2 |     5 ||    30
       Trog's Hand       |       |     1 |     1 |     6 |     5 |     6 ||    19
       Brothers in Arms  |       |       |       |       |     3 |     7 ||    10
  Use: Scroll            |     5 |     4 |     4 |     3 |    22 |    16 ||    54
       Potion            |       |       |       |       |       |     5 ||     5
Armor: Animal skin       |     2 |       |       |       |       |       ||     2
       Scale mail        |    33 |    34 |    16 |       |       |       ||    83
       Plate armour      |       |       |    95 |   111 |       |    19 ||   225
       Skin              |       |       |       |     6 |       |       ||     6
       Chain mail        |       |       |       |    56 |   390 |   363 ||   809
Dodge: Dodged            |    42 |    42 |    86 |   125 |   292 |   458 ||  1045
Block: Tower shield      |       |       |       |    74 |   715 |  1253 ||  2042
